 Dungeon Crawl Stone Soup version 0.30-a0-6-g7c9e10e132 (webtiles) character file.

Game seed: 9672299288845466818

7852 voltaire321 the Tainter (level 11, -3/84 (85) HPs)
             Began as a Demonspawn Venom Mage on Aug 22, 2022.
             Was a Follower of Vehumet.
             Slain by a vampire (7 damage)
             ... on level 10 of the Dungeon.
             The game lasted 00:38:05 (13218 turns).

voltaire321 the Tainter (Demonspawn Venom Mage)    Turns: 13218, Time: 00:38:06

HP:   -3/84 (85)    AC: 18    Str:  9    XL:     11   Next: 2%
MP:   32/32         EV: 19    Int: 26    God:    Vehumet [*.....]
Gold: 418           SH:  4    Dex: 13    Spells: 18/24 levels left

rFire   + . .      SeeInvis .    A - +7 short sword (venom)
rCold   . . .      Faith    .    (no shield)
rNeg    . . .      Spirit   .    F - +0 steam dragon scales
rPois   .          Reflect  .    u - +3 hat of Pondering {ponderous, Will+ MP+10 Int+5}
rElec   .          Harm     .    r - +0 cloak
rCorr   .          Rampage  .    G - +0 pair of gloves
Will    +....                    o - +1 pair of boots
Stlth   ++........               (no amulet)
HPRegen 0.24/turn                i - +4 ring of evasion
MPRegen 0.23/turn                l - ring of protection from fire

@: lightly drained, slow
A: hooves 1, foul stench 1, icemail 1, sharp scales 1, condensation shield
a: Renounce Religion


You were on level 10 of the Dungeon.
You worshipped Vehumet.
Vehumet was aware of your devotion.
You visited 2 branches of the dungeon, and saw 11 of its levels.
You also visited: Ossuary.

You collected 686 gold pieces.
You spent 268 gold pieces at shops.

Inventory:

Hand Weapons
 d - a +2 dagger of venom
 A - a +7 short sword of venom (weapon)
Missiles
 D - a throwing net
Armour
 o - a +1 pair of boots (worn)
 r - a +0 cloak (worn)
 u - the +3 hat of Pondering (worn) {ponderous, Will+ MP+10 Int+5}
   (You took it off Gastronok on level 8 of the Dungeon)

   Int:       It affects your intelligence (+5).
   MP:        It affects your magic capacity (+10).
   Will:      It increases your willpower.
 F - +0 steam dragon scales (worn)
 G - a +0 pair of gloves (worn)
Jewellery
 i - a +4 ring of evasion (left hand)
 l - a ring of protection from fire (right hand)
 w - a +6 ring of intelligence
 H - a ring of flight
Wands
 a - a wand of iceblast (17)
 q - a wand of polymorph (3)
 t - a wand of mindburst (24)
 x - a wand of paralysis (6)
Scrolls
 c - a scroll of fog
 e - a scroll of magic mapping {unknown}
 f - 2 scrolls of silence
 g - a scroll of immolation {unknown}
 h - 3 scrolls of teleportation
 m - 2 scrolls of vulnerability {unknown}
 n - 3 scrolls of enchant armour {unknown}
 y - a scroll of identify
 B - 2 scrolls of torment {unknown}
Potions
 b - a potion of magic
 j - 4 potions of flight
 k - 7 potions of curing
 p - a potion of resistance
 v - 3 potions of lignification
 z - 5 potions of mutation
 C - a potion of cancellation
 E - 3 potions of brilliance
 I - a potion of ambrosia
 J - a potion of might


   Skills:
 + Level 7.6 Fighting
 + Level 4.8 Armour
 + Level 7.3 Dodging
 - Level 1.7 Stealth
 + Level 7.3 Spellcasting
 - Level 4.0 Translocations
 - Level 1.0 Transmutations
 + Level 8.4 Poison Magic


You had 18 spell levels left.
You knew the following spells:

 Your Spells              Type           Power      Damage    Failure   Level
a - Sting                 Tmut/Pois      100%       1d8       1%          1
b - Olgreb's Toxic Radia  Pois           52%        N/A       1%          4
c - Apportation           Tloc           60%        N/A       1%          1

Your spell library contained the following spells:

 Spells                   Type           Power      Damage    Failure   Level
 Magic Dart               Conj           36%        1d4       6%          1
 Poisonous Vapours        Pois/Air       62%        N/A       1%          2
 Necrotise                Necr           36%        1d5       6%          1
 Summon Small Mammal      Summ           36%        N/A       6%          1
 Mephitic Cloud           Conj/Pois/Air  24%        N/A       6%          3
 Dazzling Flash           Conj/Hex       18%        N/A       19%         3
 Iskenderun's Mystic Bla  Conj/Tloc      19%        2d6       26%         4
 Starburst                Conj/Fire      4%         6d4       100%        6


Dungeon Overview and Level Annotations

Branches:
Dungeon (10/15)            Temple (1/1) D:6            Lair (0/5) D:8
Ossuary (visited)
    Orc: D:9-12

Altars:
Ashenzari
Cheibriados
Dithmenos
Fedhas
Gozag
Hepliaklqana
Kikubaaqudgha
Makhleb
Nemelex Xobeh
Okawaru
Qazlal
Ru
Sif Muna
Trog
Uskayaw
Vehumet
Wu Jian
Xom
Yredelemnul

Shops:
D:3 [   D:5 *   D:8 ![[   D:9 !

Annotations:
D:3 1 runed translucent door, Crazy Yiuf


Innate Abilities, Weirdness & Mutations

You have large cloven feet.
You may rarely emit foul miasma when damaged in melee.
A meltable icy envelope protects you from harm. (AC +4)
You are partially covered in razor-sharp scales. (AC +1, Slay +1)
A meltable shield of frost defends you. (SH +4)


Message History

Deactivating autopickup; reactivate with Ctrl-A.
Something hits you but does no damage. Something bites you but does no damage.
You hit something but do no damage. Something hits you but does no damage.
Something barely misses you.
You hit something but do no damage. Something barely misses you.
Something bites you!
Something draws strength from your injuries!
You barely miss something. Something hits you. Something closely misses you.
You closely miss something. Something hits you but does no damage.
Something closely misses you.
You miss something. Something hits you. Something closely misses you.
You barely miss something. Something hits you but does no damage.
Something barely misses you.
You barely miss something. Something hits you but does no damage.
Something bites you.
Something draws strength from your injuries!
You hit something but do no damage. Something barely misses you. x2
You hit something. Something hits you. Something closely misses you.
You hit something but do no damage. Something closely misses you.
Something bites you but does no damage. Something completely misses you.
Something bites you.
Something draws strength from your injuries!
You hit something. Something hits you! Something closely misses you.
You miss something. Something hits you but does no damage.
Something barely misses you.
You miss something. Something hits you but does no damage. Something bites you!
Something draws strength from your injuries!
You hit something but do no damage. Something hits you.
* * * LOW HITPOINT WARNING * * *
Something barely misses you.
You closely miss something. You block something's attack. Something bites you!
* * * LOW HITPOINT WARNING * * *
Something draws strength from your injuries!
You hit something. Something hits you but does no damage. Something bites you!
* * * LOW HITPOINT WARNING * * *
Something draws strength from your injuries!
You hit something. You block something's attack.
Something bites you but does no damage.
You barely miss something. You block something's attack. Something bites you!
You die...

#........ #...# #........
#...# #........ # #...#
#........ #.#####...#
#........ #.........#
#.†...... #.....<...#
#........
#.........#######........
#{@...........#####
#...#######...# #...#
#...# #...# #...# #...#
#...# #...# #...# #...#
#...# #...# #...# #...#


There were no monsters in sight!

Vanquished Creatures
  Gastronok (D:8)
  The ghost of Adrian566 the Cleaver, a novice HOFi of Beogh (D:6)
  Joseph (D:7)
  A kobold demonologist (D:9)
  2 wyverns
  3 steam dragons
  8 yaks
  3 wargs (D:8)
  3 water moccasins
  An ice beast (D:6)
  An orc warrior (D:7)
  A black bear (D:8)
  2 ogres
  2 centaurs
  2 phantoms
  4 kobold brigands (D:9)
  A bullfrog (D:6)
  3 necrophages
  6 scorpions
  3 wights
  10 killer bees (D:10)
  2 gnoll boudas
  2 jellies
  5 orc priests
  4 hounds
  Jessica (D:3)
  2 iguanas (D:6)
  8 orc wizards
  3 mummies (Ossuary)
  Robin (D:3)
  7 adders
  16 gnolls
  7 white imps
  An ufetubus (D:6)
  2 adder zombies (Ossuary)
  2 worms
  10 dart slugs
  21 orcs
  4 endoplasms
  2 giant cockroaches (D:1)
  15 goblins
  11 hobgoblins
  2 jackals (D:5)
  2 quokkas
  6 ball pythons
  7 bats
  6 frilled lizards
  2 gnoll zombies (Ossuary)
  2 goblin zombies (Ossuary)
  3 hobgoblin zombies (Ossuary)
  13 kobolds
  4 kobold zombies (Ossuary)
  2 quokka zombies (Ossuary)
  9 rats
  3 rat zombies (Ossuary)
  A spectral kobold (D:5)
247 creatures vanquished.

Vanquished Creatures (others)
  A withered plant (D:4)
1 creature vanquished.

Grand Total: 248 creatures vanquished

Notes
Turn   | Place    | Note
-------+----------+-------------------------------------------
     0 | D:1      | voltaire321 the Demonspawn Venom Mage began the quest for
                  | the Orb.
     0 | D:1      | Reached XP level 1. HP: 13/13 MP: 3/3
    86 | D:1      | Reached skill level 1 in Transmutations
   233 | D:1      | Gained mutation: You may rarely emit foul miasma when
                  | damaged in melee. [demonic ancestry]
   233 | D:1      | Reached XP level 2. HP: 14/20 MP: 0/5
   494 | D:1      | Found a faded altar of an unknown god.
   685 | D:1      | Reached skill level 1 in Fighting
   938 | D:1      | Gained mutation: You are partially covered in razor-sharp
                  | scales. (AC +1, Slay +1) [demonic ancestry]
   938 | D:1      | Reached XP level 3. HP: 23/26 MP: 2/6
  2067 | D:3      | Noticed Jessica
  2071 | D:3      | Killed Jessica
  2072 | D:3      | Reached XP level 4. HP: 33/33 MP: 3/8
  2332 | D:3      | Found Wym Taash's Armour Shop.
  2394 | D:3      | Found a runed translucent door.
  2395 | D:3      | Noticed Crazy Yiuf
  2604 | D:3      | Noticed Robin
  2640 | D:3      | Killed Robin
  2809 | D:3      | Gained mutation: A meltable shield of frost defends you.
                  | (SH +4) [demonic ancestry]
  2809 | D:3      | Reached XP level 5. HP: 32/38 MP: 9/9
  3467 | D:4      | Noticed an ogre
  3476 | D:3      | Learned a level 4 spell: Olgreb's Toxic Radiance
  3526 | D:4      | Found an ancient bone altar of Kikubaaqudgha.
  3797 | D:4      | Reached skill level 4 in Poison Magic
  4150 | D:4      | Killed an ogre
  4151 | D:4      | Reached XP level 6. HP: 11/46 MP: 6/11
  5306 | D:4      | Gained mutation: You have large cloven feet. [demonic
                  | ancestry]
  5306 | D:4      | Reached XP level 7. HP: 43/52 MP: 9/12
  5521 | D:4      | Learned a level 1 spell: Apportation
  5522 | D:5      | Entered Level 5 of the Dungeon
  5903 | D:5      | Reached skill level 5 in Poison Magic
  5937 | D:5      | Reached skill level 1 in Translocations
  5972 | D:5      | Found a hazy altar of Hepliaklqana.
  6403 | D:5      | Found Nakha's CLEARANCE SALE!.
  6412 | D:5      | Bought a scroll of brand weapon for 47 gold pieces
  6844 | D:6      | Found a sand-covered staircase.
  6849 | Ossuary  | Entered an ossuary
  7206 | Ossuary  | Reached XP level 8. HP: 60/60 MP: 14/14
  7556 | D:6      | Found a runed translucent gate.
  7558 | D:6      | Found a runed translucent gate.
  7558 | D:6      | Found a runed translucent gate.
  7564 | D:6      | Noticed Adrian566's ghost (novice HOFi)
  7608 | D:6      | Found a staircase to the Ecumenical Temple.
  7770 | D:6      | Found a shimmering altar of Xom.
  7943 | D:6      | Reached skill level 5 in Spellcasting
  8045 | D:6      | Reached skill level 5 in Fighting
  8045 | D:6      | Reached skill level 5 in Dodging
  8045 | D:6      | Reached skill level 6 in Poison Magic
  8883 | D:7      | Reached XP level 9. HP: 68/68 MP: 15/17
  8888 | D:7      | Reached skill level 1 in Armour
  9362 | D:7      | Noticed Joseph
  9377 | D:7      | Killed Joseph
  9569 | D:7      | Reached skill level 7 in Poison Magic
  9993 | D:8      | Found Voplargh's Distillery.
 10031 | D:8      | Bought a potion of heal wounds for 50 gold pieces
 10326 | D:8      | Reached XP level 10. HP: 64/77 MP: 19/19
 10514 | Temple   | Entered the Ecumenical Temple
 10636 | Temple   | Became a worshipper of Vehumet
 10797 | D:6      | Killed Adrian566's ghost
 11249 | D:8      | Noticed Gastronok
 11288 | D:8      | Killed Gastronok
 11443 | D:8      | Upgraded the game from 0.30-a0-4-ga7cffc901d to
                  | 0.30-a0-6-g7c9e10e132
 11577 | D:8      | Found a staircase to the Lair.
 11619 | D:8      | Found Fiteet's Armour Emporium.
 11696 | D:8      | Found Pasic's Antique Armour Boutique.
 11704 | D:8      | Bought a thick robe for 171 gold pieces
 11704 | D:8      | Identified the +1 robe of Moral Flaws {rPois rF- Str+7}
                  | (You bought it in a shop on level 8 of the Dungeon)
 12019 | D:9      | Reached skill level 8 in Poison Magic
 12241 | D:9      | Found a runed translucent door.
 12243 | D:9      | Found a basalt altar of Yredelemnul.
 12517 | D:9      | Found Owniweso's Distillery.
 12702 | D:10     | Entered Level 10 of the Dungeon
 12728 | D:10     | Reached * piety under Vehumet
 12728 | D:10     | Offered knowledge of Magic Dart by Vehumet.
 13110 | D:10     | Gained mutation: A meltable icy envelope protects you from
                  | harm. (AC +4) [demonic ancestry]
 13110 | D:10     | Reached XP level 11. HP: 72/82 MP: 22/22
 13216 | D:10     | HP: 3/84 [something (8)]
 13218 | D:10     | Slain by a vampire

Illustrated notes

Levels and vault maps discovered:
D:1:      spicycebolla_green_bress_n_ham, layout_loops_ring,
          basic_ecumenical_altar, st_stairs_9
D:2:      layout_basic, kennysheep_minor_cross
D:3:      kennysheep_slugbush, layout_basic, serial_shops,
          nicolae_shop_hallway_plus, uniq_crazy_yiuf_cottage, uniq_robin,
          uniq_jessica
D:4:      layout_rooms, kiku_gazebo_garden_becter
D:5:      layout_loops_corners, nicolae_hepliaklqana_monster_ancestors,
          nicolae_shop_clearance
D:6:      minmay_diamond_boxcup, layout_cave_pools, tgw_xom,
          minmay_temple_entry_nine_rooms, nicolae_ossuary_entry_plus,
          ebering_ghost_rock_garden
D:7:      layout_gridville, uniq_joseph
D:8:      layout_basic, erik_lair_orcish_takeover, serial_shops,
          nicolae_shop_waterfront, nicolae_shop_waterfront,
          kennysheep_little_box, uniq_gastronok
D:9:      layout_loops_ring, dk_yredelemnul_ordeal, serial_shops,
          nicolae_shop_hallway_plus
D:10:     layout_long_grid, minmay_misc_feat_chi
Temple:   dpeg_five_rooms_temple

Skill      XL: |  1  2  3  4  5  6  7  8  9 10 |
---------------+-------------------------------+-----
Transmutations | 1 |  1.0
Dodging        | 2 3 4 5 6 7 |  7.3
Fighting       | 1 2 3 4 5 6 7 |  7.6
Spellcasting   | 3 4 5 6 7 |  7.3
Poison Magic   | 4 5 6 7 8 |  8.4
Translocations | 1 3 4 |  4.0
Armour         | 3 4 |  4.8
Stealth        | |  1.7

Action                   |  1- 3 |  4- 6 |  7- 9 | 10-12 || total
-------------------------+-------+-------+-------+-------++-------
Melee: Dagger            |    42 |    82 |       |       ||   124
       Punch             |       |     2 |     4 |     3 ||     9
       Short sword       |       |    37 |   314 |   174 ||   525
 Cast: Sting             |    47 |    86 |    69 |    13 ||   215
       Olgreb's Toxic Ra |       |       |    12 |    11 ||    23
  Use: Scroll            |       |     4 |    15 |     5 ||    24
       Potion            |       |       |     1 |     3 ||     4
 Stab: Sleeping          |     4 |     3 |     4 |       ||    11
Armor: Robe              |     6 |    51 |    19 |       ||    76
       Steam dragon scal |       |       |    44 |    53 ||    97
Dodge: Dodged            |    37 |    94 |   259 |   104 ||   494
Block: Other             |       |    14 |    51 |    28 ||    93

Table legend: (Time is in decaauts)
 A = Elapsed time spent in this place.
 B = Non-inter-level travel time spent in this place.
 C = Inter-level travel time spent in this place.
 D = Time resting spent in this place.
 E = Time spent auto-exploring this place.
 F = Levels seen in this place.
 G = Mean time per level.
                   A        B        C        D        E       F      G
               +--------+--------+--------+--------+--------+-----+--------+
         Total |  13407 |  12870 |    537 |   4099 |   6265 |  12 | 1117.2 |
       Dungeon |  12764 |  12257 |    507 |   3849 |   6105 |  10 | 1276.4 |
        Temple |    220 |    190 |     30 |      0 |    160 |   1 |  220.0 |
       Ossuary |    422 |    422 |      0 |    250 |      0 |   1 |  422.0 |
               +--------+--------+--------+--------+--------+-----+--------+

Top non-repeatable levels by time:
     D:3: 2547 daAuts
     D:6: 1848 daAuts
     D:8: 1471 daAuts
     D:5: 1293 daAuts
     D:7: 1199 daAuts
     D:9: 1198 daAuts
     D:2: 1043 daAuts
     D:1: 1023 daAuts
     D:4: 907 daAuts
 Ossuary: 422 daAuts
    D:10: 232 daAuts
  Temple: 220 daAuts
